Map: King Sejong Station LE

Players

Rail - Winner!

  • Race: Protoss Protoss

FeaR

  • Race: Protoss Protoss
  • League: Master

Event: DreamHack ZOWIE Open Valencia 2016

VOD

Have the link to the VOD?

Description

Time

  • Played on: July 14, 2016, 10:37 a.m.
  • Length: 10:18

All games in this series

Show
View Real Time Build Order
Export as new Build Order

Rail Protoss - Winner!

Build Orders: Oracle Opening 

Get SALT Encoding   

  12  0:01  Probe (Chrono Boost)  
  13  0:11  Probe (Chrono Boost)  
  14  0:18  Pylon  
  14  0:22  Probe (Chrono Boost)  
  15  0:36  Probe (Chrono Boost)  
  15  0:37  Gateway  
  15  0:42  Assimilator  
  16  0:47  Probe (Chrono Boost)  
  17  0:52  Assimilator  
  17  0:58  Probe (Chrono Boost)  
  18  1:08  Probe (Chrono Boost), Gateway  
  19  1:19  Probe (Chrono Boost)  
  19  1:25  Cybernetics Core  
  20  1:29  Probe (Chrono Boost)  
  22  1:40  Probe (Chrono Boost)  
  22  1:41  Pylon  
  22  1:50  Probe (Chrono Boost)  
  25  2:02  Mothership Core (Chrono Boost), Adept x2  
  25  2:03  Warp Gate  
  29  2:13  Pylon  
  29  2:24  Probe (Chrono Boost)  
  29  2:28  Stargate  
  30  2:36  Stalker  
  32  2:37  Probe (Chrono Boost)  
  33  2:45  Stalker  
  33  2:50  Pylon, Probe (Chrono Boost)  
  36  3:09  Oracle  
  36  3:15  Gateway  
  39  3:22  Stalker, Probe (Chrono Boost)  
  42  3:35  Pylon  
  42  3:52  Nexus, Probe (Chrono Boost)  
  43  4:02  Probe (Chrono Boost)  
  44  4:05  Robotics Facility  
  44  4:08  Sentry  
  46  4:13  Probe (Chrono Boost)  
  47  4:23  Probe (Chrono Boost)  
  48  4:25  Pylon  
  48  4:34  Probe (Chrono Boost)  
  49  4:41  Void Ray  
  49  4:44  Probe (Chrono Boost)  
  54  4:54  Immortal  
  54  4:58  Probe (Chrono Boost)  
  60  5:07  Probe (Chrono Boost)  
  61  5:14  Probe (Chrono Boost)  
  61  5:18  Probe (Chrono Boost)  
  62  5:21  Void Ray  
  62  5:25  Probe (Chrono Boost)  
  67  5:30  Probe (Chrono Boost)  
  67  5:31  Assimilator  
  67  5:33  Assimilator  
  67  5:35  Probe (Chrono Boost)  
  69  5:38  Immortal  
  69  5:39  Pylon  
  73  5:47  Probe (Chrono Boost)  
  73  5:49  Gateway  
  74  5:54  Gateway  
  74  5:58  Sentry  
  74  5:59  Probe (Chrono Boost)  
  74  6:03  Probe (Chrono Boost)  
  78  6:08  Sentry  
  80  6:13  Pylon, Probe (Chrono Boost)  
  80  6:14  Warp Prism  
  80  6:16  Probe (Chrono Boost)  
  80  6:17  Pylon  
  82  6:21  Sentry  
  86  6:26  Gateway  
  86  6:31  Sentry  
  88  6:33  Adept  
  88  6:36  Pylon  
  90  6:47  Observer  
  90  6:49  Adept x2  
  90  6:50  Adept  
  90  6:53  Pylon  
  97  6:56  Pylon  
  97  7:13  Sentry, Adept x2  
  97  7:14  Stalker  
  105  7:17  Nexus  
  105  7:19  Sentry  
  107  7:34  Stalker x2  
  107  7:36  Adept x2  
  115  7:37  Adept  
  117  7:44  Stalker  
  119  7:52  Pylon  
  119  7:57  Robotics Bay  
  119  8:02  Adept x3  
  125  8:11  Stalker x2  
  129  8:13  Adept  
  127  8:29  Stalker x3  
  113  8:34  Adept x2  
  93  8:41  Disruptor  
  92  8:50  Void Ray  
  96  9:03  Sentry, Zealot  
  96  9:04  Zealot x2  
  105  9:10  Probe (Chrono Boost)  
  105  9:13  Disruptor  
  110  9:25  Zealot x2  
  110  9:26  Sentry, Zealot  
  110  9:31  Zealot x2  
  120  9:52  Stalker x4  
  128  9:53  Stalker  
  122  10:06  Stalker  
Show
View Real Time Build Order
Export as new Build Order

FeaR Protoss 

Build Orders: Zealot Archon 

Get SALT Encoding   

  12  0:00  Probe (Chrono Boost)  
  13  0:11  Probe (Chrono Boost)  
  14  0:18  Pylon  
  14  0:21  Probe (Chrono Boost)  
  15  0:36  Probe (Chrono Boost), Gateway  
  16  0:47  Assimilator, Probe (Chrono Boost)  
  17  0:55  Assimilator  
  17  0:57  Probe (Chrono Boost)  
  18  1:05  Gateway  
  18  1:09  Probe (Chrono Boost)  
  19  1:19  Probe (Chrono Boost)  
  19  1:23  Cybernetics Core  
  20  1:30  Probe (Chrono Boost)  
  20  1:32  Pylon  
  21  1:40  Probe (Chrono Boost)  
  21  1:46  Warp Gate  
  22  1:51  Probe (Chrono Boost)  
  23  1:59  Stalker x2  
  29  2:11  Mothership Core (Chrono Boost)  
  29  2:15  Pylon  
  30  2:30  Probe (Chrono Boost)  
  30  2:33  Sentry  
  30  2:34  Stalker  
  34  2:43  Probe (Chrono Boost)  
  35  3:03  Nexus  
  35  3:06  Pylon  
  35  3:11  Sentry, Probe (Chrono Boost)  
  38  3:25  Probe (Chrono Boost)  
  38  3:26  Robotics Facility  
  38  3:36  Probe (Chrono Boost)  
  39  3:46  Pylon  
  39  3:50  Stalker  
  39  3:51  Stalker  
  44  3:55  Probe (Chrono Boost)  
  44  4:10  Probe (Chrono Boost)  
  44  4:16  Probe (Chrono Boost)  
  46  4:21  Probe (Chrono Boost)  
  46  4:27  Probe (Chrono Boost)  
  46  4:28  Immortal  
  51  4:32  Probe (Chrono Boost)  
  51  4:38  Stalker, Probe (Chrono Boost)  
  55  4:44  Probe (Chrono Boost), Twilight Council  
  56  4:48  Probe (Chrono Boost)  
  55  4:55  Probe (Chrono Boost)  
  55  4:59  Stalker, Probe (Chrono Boost)  
  59  5:05  Probe (Chrono Boost)  
  60  5:09  Charge, Probe (Chrono Boost)  
  60  5:11  Immortal  
  61  5:16  Probe (Chrono Boost)  
  61  5:21  Probe (Chrono Boost)  
  67  5:27  Assimilator  
  68  5:28  Probe (Chrono Boost)  
  68  5:32  Pylon, Assimilator  
  69  5:36  Probe (Chrono Boost)  
  69  5:40  Pylon  
  69  5:41  Probe (Chrono Boost)  
  70  5:48  Immortal  
  71  5:51  Probe (Chrono Boost)  
  71  5:53  Probe (Chrono Boost)  
  76  6:12  Gateway  
  76  6:13  Gateway  
  76  6:14  Gateway  
  76  6:15  Templar Archives  
  76  6:17  Gateway  
  76  6:29  Gateway  
  76  6:30  Gateway  
  76  6:31  Immortal  
  80  6:41  Pylon  
  80  6:43  Pylon  
  80  7:00  High Templar x2  
  84  7:04  Archon  
  84  7:05  Warp Prism  
  84  7:07  Pylon  
  84  7:12  High Templar x2  
  84  7:15  Zealot  
  92  7:16  Archon  
  92  7:26  Zealot  
  93  7:33  Zealot  
  93  7:34  Zealot  
  97  7:37  Zealot  
  97  7:38  Zealot x2  
  103  7:45  High Templar x2  
  103  7:49  Archon  
  107  7:52  Zealot  
  107  7:56  Pylon  
  107  7:57  Pylon x2  
  109  8:09  High Templar x2  
  109  8:11  Zealot  
  110  8:15  Zealot x3, Archon  
  116  8:25  Immortal  
  106  8:28  Zealot x2  
  102  8:37  Zealot x4  
  90  8:45  High Templar  
  90  8:48  Zealot  
  90  8:50  High Templar  
  90  8:55  Archon  
  94  9:07  Nexus  
  94  9:15  High Templar x2  
  94  9:16  Zealot x3  
  95  9:37  High Templar  
  95  9:38  Zealot x5  
  99  9:41  Archon  
  99  10:06  Zealot x4  

Tags
 
Add a new tag
Caveats
  • Supply blocks, unpowered buildings, or Contaminate may cause inaccurate times.
  • Supply counts are checked every 10 seconds.